 Dungeon Crawl Stone Soup version 0.28.0-45-g0d030f2227 (webtiles) character file.

Game seed: 14380499337105882735

154 zeratav the Insei (level 5, 0/34 HPs)
             Began as an Octopode Transmuter on Apr 13, 2022.
             Slain by a worm (4 damage)
             ... on level 3 of the Dungeon.
             The game lasted 00:03:29 (3119 turns).

zeratav the Insei (Octopode Transmuter)             Turns: 3119, Time: 00:03:30

Health: 0/34       AC:  2    Str:  9    XL:     5   Next: 36%
Magic:  2/8        EV: 20    Int: 15    God:
Gold:   57         SH:  0    Dex: 20    Spells: 4/8 levels left

rFire   . . .      SeeInvis .     - Unarmed
rCold   . . .      Faith    .   (shield currently unavailable)
rNeg    . . .      Spirit   .   (helmet currently unavailable)
rPois   x          Reflect  .   (no amulet)
rElec   .          Harm     .   l - ring of wizardry
rCorr   .          Rampage  .   (no ring)
Will    .....                   (no ring)
Stlth   +++.......              (no ring)
HPRegen 0.11/turn               (no ring)
MPRegen 0.11/turn               (no ring)
                                (no ring)
                                (no ring)

@: spider-form (expiring)
A: venomous fangs, almost no armour, (amphibious), 8 rings, tiny, (camouflage
1), (gelatinous body 1), (nimble swimmer 1), (tentacles)
a: End Transformation


You were on level 3 of the Dungeon.
You were a venomous arachnid creature.
You visited 1 branch of the dungeon, and saw 3 of its levels.

You collected 57 gold pieces.


Innate Abilities, Weirdness & Mutations

You are a venomous arachnid creature.
You have poisonous fangs.
You are tiny and dextrous.
Your spellcasting is less reliable in this form.
Your armour is entirely melded.
You are incapable of wielding weapons or throwing items.
You cannot wear most types of armour.
((You are amphibious.))
You can wear up to eight rings at the same time.
((Your skin changes colour to match your surroundings (Stealth+).))
((Your rubbery body absorbs attacks. (AC +1, EV +1)))
((You are camouflaged when in or above water. (Stealth+)))
((You have tentacles for arms and can constrict up to eight enemies at once.))


   Skills:
 + Level 2.3 Fighting
 + Level 2.9 Dodging
 + Level 2.8 Stealth
 * Level 4.4 Unarmed Combat
 - Level 2.0 Spellcasting
 - Level 2.0 Transmutations


You had 4 spell levels left.
You knew the following spells:

 Your Spells              Type           Power      Damage    Failure   Level
a - Beastly Appendage     Tmut           14%        N/A       10%         1
b - Spider Form           Tmut/Pois      4%         N/A       32%         3

Your spell library contained the following spells:

 Spells                   Type           Power      Damage    Failure   Level
 Wereblood                Tmut           7%         N/A       13%         2
 Scorch                   Fire           2%         2d5       26%         2
 Ice Form                 Ice/Tmut       4%         N/A       65%         4
 Flame Wave               Conj/Fire      1%         2d4       77%         4
 Summon Cactus Giant      Summ           0%         N/A       100%        6

Inventory:

Hand Weapons
 k - a +2 vampiric whip (melded) {mace}
   (You took it off a kobold on level 3 of the Dungeon)
Jewellery
 l - a ring of wizardry (left front leg)
   (You found it on level 3 of the Dungeon)
Scrolls
 b - 2 scrolls of fear {unknown}
 c - a scroll of immolation {unknown}
 e - 4 scrolls of identify {unknown}
 f - a scroll of brand weapon {unknown}
 g - 2 scrolls of noise {unknown}
 j - a scroll of enchant weapon {unknown}
 n - a scroll of teleportation {unknown}
Potions
 a - a potion of brilliance {unknown}
 d - 2 potions of ambrosia {unknown}
 h - a potion of lignification {unknown}
 i - 2 potions of mutation {unknown}
 m - a potion of curing {unknown}

Dungeon Overview and Level Annotations

Branches:
Dungeon (3/15)

Altars:
Xom
Zin

Shops:
D:1 ? D:2

( #.##...##...#
#.#.. #.#
.?!(#.######.###
#.#
$.$.#.....##.#
#.#
.$..#.#'#(.#.#
#.##..$
###.##.#.# ##.#'#
+...#.#.# ##og#
##.##...# #w##
####....# #s#
#....##.### #.#
#...###.##. #.##
##..## #.##.
#..####...##
#.##.
##.........#
#.##.
######....###....
#.........##
#...^###.##
###### #.###


You could see a worm (very poisoned), an orc and a hobgoblin.


Message History

You take 1 damage, and now have 21/34 hp.
Casting: Spider Form (quite dangerous; 17% risk of failure)
Confirm with . or Enter, or press ? or * to list all spells.
The spell is quite dangerous to miscast (17% risk of failure)!
Continue anyway?
You turn into a venomous arachnid creature.
Your +2 vampiric whip {mace} melds into your body.
You feel the dreadful sensation subside.
The adder misses you.
MP[-3]
You lost 3 mp, and now have 3/8 mp.
You bite the adder!
The adder is poisoned.
You kill the adder!
You hit the orc.
The orc is poisoned.
The orc closely misses you.
You hit the orc.
You kill the orc!
Your transformation is almost over.
The ball python completely misses you. The ball python barely misses you.
You bite the ball python!
You kill the ball python!
The orc completely misses you. The ball python barely misses you.
The ball python completely misses you.
You hit the ball python.
You kill the ball python!
The orc closely misses you.
You hit the orc.
The orc is poisoned.
The orc barely misses you. The orc hits you but does no damage.
You completely miss the orc.
The orc hits you from afar with a +0 trident.
The orc completely misses you.
HP[-1]
You take 1 damage, and now have 20/34 hp.
You hit the orc but do no damage. The orc misses you.
You hit the orc.
You kill the orc!
The bat misses you.
MP[+1]
You hit the bat but do no damage.
The bat is poisoned.
The bat hits you but does no damage. The orc closely misses you.
The bat hits you but does no damage.
You hit the bat.
You kill the bat!
The orc hits you from afar with a +0 trident.
HP[-1]
You take 1 damage, and now have 19/34 hp.
You hit the orc. The orc misses you. The orc completely misses you.
You hit the orc.
The orc is poisoned.
Your transformation has ended.
Your +2 vampiric whip {mace} unmelds from your body.
You feel a sense of dread. The orc closely misses you.
The orc hits you with a +0 short sword.
HP[-1]
You take 1 damage, and now have 18/34 hp.
You hit the orc.
You kill the orc!
The bat closely misses you.
The orc hits you from afar with a +0 trident.
* * * LOW HITPOINT WARNING * * *
The bat completely misses you.
HP[-5]
You take 5 damage, and now have 13/34 hp.
You closely miss the bat. Your grab misses the bat.
Your squeeze misses the bat. The bat hits you but does no damage.
The orc barely misses you.
You hit the bat.
You kill the bat!
The orc hits you from afar with a +0 trident.
* * * LOW HITPOINT WARNING * * *
The orc barely misses you.
HP[-1]
You take 1 damage, and now have 12/34 hp.
Casting: Spider Form (quite dangerous; 17% risk of failure)
Confirm with . or Enter, or press ? or * to list all spells.
The spell is quite dangerous to miscast (17% risk of failure)!
Continue anyway?
You turn into a venomous arachnid creature.
Your +2 vampiric whip {mace} melds into your body.
You feel the dreadful sensation subside.
The endoplasm barely misses you. The orc closely misses you.
MP[-3]
You lost 3 mp, and now have 1/8 mp.
You hit the endoplasm.
You kill the endoplasm!
MP[+1]
You hit the orc but do no damage.
The orc is poisoned.
The orc misses you. The orc hits you with a +0 club.
* * * LOW HITPOINT WARNING * * *
HP[-3]
You take 3 damage, and now have 9/34 hp.
You hit the orc but do no damage.
The orc looks even sicker.
The orc completely misses you. The orc misses you.
You hit the orc.
You kill the orc!
The orc misses you.
You bite the worm!
Your transformation is almost over.
The orc barely misses you.
You hit the worm.
The worm is poisoned.
The orc hits you from afar with a +0 trident.
* * * LOW HITPOINT WARNING * * *
The worm bites you.
You die...

Skill      XL: |  1  2  3  4 |
---------------+-------------+-----
Stealth        | 1 2 |  2.8
Fighting       | 2 |  2.3
Unarmed Combat | 4 |  4.4
Dodging        | |  2.9
Spellcasting   | |  2.0
Transmutations | |  2.0

Action                   |  1- 3 |  4- 6 || total
-------------------------+-------+-------++-------
Melee: Unarmed           |    62 |    49 ||   111
       Constrict         |    17 |    10 ||    27
       Kick              |    14 |     6 ||    20
       Tentacles         |     9 |     8 ||    17
       Punch             |     1 |     2 ||     3
       Whip              |       |    14 ||    14
 Cast: Beastly Appendage |    26 |    10 ||    36
       Spider Form       |       |     3 ||     3
 Stab: Sleeping          |     5 |     2 ||     7
Armor: Skin              |     2 |     7 ||     9
Dodge: Dodged            |    24 |    54 ||    78

Levels and vault maps discovered:
D:1:      scummos_arrival_simple_crosswalls, layout_rooms, serial_shops,
          nicolae_lakefront_shop
D:2:      wad_crossroads, layout_basic, shapermc_ecumenical_altar_venn,
          serial_shops, shop
D:3:      layout_rooms, grunt_temple_overflow_order_and_chaos_1,
          minmay_joined_circles, uniq_crazy_yiuf_cottage

Notes
Turn   | Place    | Note
-------+----------+-------------------------------------------
     0 | D:1      | zeratav the Octopode Transmuter began the quest for the
                  | Orb.
     0 | D:1      | Reached XP level 1. HP: 13/13 MP: 3/3
     0 | D:1      | magus.rc [v1.9.6]
   376 | D:1      | Reached XP level 2. HP: 13/18 MP: 1/5
   474 | D:1      | Reached skill level 1 in Stealth
   555 | D:1      | Found Tuodihix's Magic Scroll Shoppe.
   661 | D:1      | You pick up a book of Scorching and begin reading...
   661 | D:1      | You add the spells Scorch, Flame Wave and Summon Cactus
                  | Giant to your library.
  1095 | D:2      | Reached XP level 3. HP: 22/23 MP: 4/6
  1137 | D:2      | Found Gujiu's Antique Weapon Shop.
  1187 | D:2      | Found a faded altar of an unknown god.
  1935 | D:2      | Reached skill level 2 in Stealth
  1935 | D:2      | Reached XP level 4. HP: 26/29 MP: 5/7
  2234 | D:3      | Reached skill level 2 in Fighting
  2234 | D:3      | Reached skill level 4 in Unarmed Combat
  2449 | D:3      | Found a shimmering altar of Xom.
  2449 | D:3      | Noticed an angel
  2472 | D:3      | Found a glowing silver altar of Zin.
  2896 | D:3      | Learned a level 3 spell: Spider Form
  3091 | D:3      | Reached XP level 5. HP: 23/34 MP: 5/8
  3119 | D:3      | HP: 4/34 [orc/+0 trident (5)]
  3119 | D:3      | Slain by a worm

Vanquished Creatures
  A hound (D:3)
  5 adders
  7 dart slugs
  5 orcs (D:3)
  6 ball pythons
  4 endoplasms
  2 giant cockroaches (D:2)
  5 goblins
  4 hobgoblins
  4 quokkas
  6 bats
  6 frilled lizards
  4 kobolds
  6 rats
65 creatures vanquished.

Table legend:
 A = Non-vault XP
 B = Vault XP
 C = Vault XP percentage of total XP
 D = Non-vault monster count
 E = Vault monster count
 F = Vault count percentage of total count
                 A         B        C        D         E       F
            +---------+---------+-------+---------+---------+-------
      Total |     152 |      69 |  31.2 |      48 |      17 |  26.2
            +---------+---------+-------+---------+---------+-------
        D:1 |      26 |       0 |   0.0 |      14 |       0 |   0.0
        D:2 |      60 |      10 |  14.3 |      22 |       4 |  15.4
        D:3 |      66 |      59 |  47.2 |      12 |      13 |  52.0
            +---------+---------+-------+---------+---------+-------

Illustrated notes

Table legend:
 A = Kills in this place as a percentage of kills in entire the game.
 B = Kills by you in this place as a percentage of kills by you in the entire game.
 C = Kills by friends in this place as a percentage of kills by friends in the entire game.
 D = Other kills in this place as a percentage of other kills in the entire game.
 E = Experience gained in this place as a percentage of experience gained in the entire game.
 F = Experience gained in this place divided by the number of levels of this place that you have seen.
                   A       B       C       D       E      F
               +-------+-------+-------+-------+-------+----------------------
         Total | 100.0 | 100.0 |   N/A |   N/A | 100.0 |  73.7
       Dungeon | 100.0 | 100.0 |   N/A |   N/A | 100.0 |  73.7
               +-------+-------+-------+-------+-------+----------------------

Table legend: (Time is in decaauts)
 A = Elapsed time spent in this place.
 B = Non-inter-level travel time spent in this place.
 C = Inter-level travel time spent in this place.
 D = Time resting spent in this place.
 E = Time spent auto-exploring this place.
 F = Levels seen in this place.
 G = Mean time per level.
                   A        B        C        D        E       F      G
               +--------+--------+--------+--------+--------+-----+--------+
         Total |   3111 |   3070 |     41 |    104 |   2573 |   3 | 1037.0 |
       Dungeon |   3111 |   3070 |     41 |    104 |   2573 |   3 | 1037.0 |
               +--------+--------+--------+--------+--------+-----+--------+

Top non-repeatable levels by time:
     D:2: 1350 daAuts
     D:3: 897 daAuts
     D:1: 864 daAuts
